 Dungeon Crawl Stone Soup version 0.20.1-1-g8b1a95d (webtiles) character file.

130 warawara the Firebug (level 4, 0/30 HPs)
             Began as a Demonspawn Fire Elementalist on Oct 25, 2017.
             Slain by an iguana (30 damage)
             ... on level 4 of the Dungeon.
             The game lasted 00:12:05 (2896 turns).

warawara the Firebug (Demonspawn Fire Elementalist) Turns: 2896, Time: 00:12:05

Health: 0/30       AC:  6    Str: 11    XL:     4   Next: 89%
Magic:  7/7        EV: 11    Int: 18    God:
Gold:   106        SH:  0    Dex: 13    Spells: 3/7 levels left

rFire    . . .     SeeInvis .   j - +0 short sword
rCold    . . .     Gourm    .   m - +0 buckler
rNeg     . . .     Faith    .   k - +0 leather armour
rPois    .         Spirit   .   (helmet restricted)
rElec    .         Reflect  .   (no cloak)
rCorr    .         Harm     .   o - +2 pair of gloves {Str+3}
MR       .....                  (no boots)
Stlth    +.........             (no amulet)
Regen    0.1/turn               (no ring)
MPRegen  0.1/turn               (no ring)

@: sleeping
A: hooves 1, horns 1
a: no special abilities


You were on level 4 of the Dungeon.
You were hungry.

You visited 1 branch of the dungeon, and saw 4 of its levels.

You collected 106 gold pieces.

Inventory:

Hand Weapons
 j - a +0 short sword (weapon)
Armour
 k - a +0 leather armour (worn)
 m - a +0 buckler (worn)
 o - a +2 pair of gloves of strength (worn)
Scrolls
 d - 3 scrolls of identify
 e - a scroll of teleportation
 h - a scroll of random uselessness {unknown}
 l - a scroll of amnesia {unknown}
 r - a scroll of remove curse
 s - a scroll of enchant weapon {unknown}
 u - a scroll of blinking {unknown}
Potions
 a - a potion of ambrosia {unknown}
 i - 2 potions of heal wounds {unknown}
 n - a potion of lignification {unknown}
 p - a potion of curing {unknown}
 q - a potion of flight {unknown}
 t - a potion of might {unknown}
Books
 b - a book of Flames

   Spells                             Type                      Level
   a - Flame Tongue                   Conjuration/Fire             1
   b - Throw Flame                    Conjuration/Fire             2
   c - Conjure Flame                  Conjuration/Fire             3
   d - Inner Flame                    Hexes/Fire                   3
   e - Sticky Flame                   Conjuration/Fire             4
   f - Fireball                       Conjuration/Fire             5
Comestibles
 c - 3 bread rations
 g - 2 meat rations


   Skills:
 + Level 0.8 Armour
 - Level 1.7 Dodging
 - Level 1.7 Stealth
 + Level 0.3 Shields
 - Level 2.0 Spellcasting
 + Level 3.0 Conjurations
 + Level 4.0 Fire Magic


You had 3 spell levels left.
You knew the following spells:

 Your Spells              Type           Power        Failure   Level  Hunger
a - Flame Tongue          Conj/Fire      ##...        9%          1    #......
b - Conjure Flame         Conj/Fire      ##......     26%         3    ###....


Dungeon Overview and Level Annotations

Branches:
Dungeon (4/15)
 Temple: D:4-7

Altars:

Annotations:
D:4 supermoro's ghost, amateur KoEn


Innate Abilities, Weirdness & Mutations

You have large cloven feet.
You have a pair of small horns on your head.


Message History

Where to? (Enter - D:3 @ (x,y), ? - help)
There is a stone staircase leading down here.
You climb downwards.
An iguana and a player ghost come into view.
Found six items.
There is a stone staircase leading up here.
There are monsters nearby!
No remembered map.
Fire/throw which item? (* to show all) (? for menu, Esc to quit)
Okay, then.
There are monsters nearby!
Supermoro's ghost turns its malevolent gaze towards you.
Supermoro's ghost grins evilly.
Supermoro's ghost gestures at you while chanting.
You resist with significant effort.
Supermoro's ghost gestures at you while chanting.
You fall asleep.
The iguana bites you!!
Ouch! That really hurt!
You die...

############
##...(......##
#....%.@.....#
.......l......#
.....W..(.....#
..............#
..?...........#
....$...=.....#
.............##
##..........##


You could see an iguana and supermoro's ghost.

Vanquished Creatures
  Jessica (D:2)
  4 adders
  4 worms
  A dart slug (D:2)
  2 giant cockroaches (D:1)
  6 goblins
  7 hobgoblins
  8 jackals
  A quokka (D:3)
  3 ball pythons
  3 bats
  A frilled lizard (D:3)
  9 kobolds
  5 rats
55 creatures vanquished.

Notes
Turn   | Place    | Note
-------+----------+-------------------------------------------
     0 | D:1      | warawara the Demonspawn Fire Elementalist began the quest for the Orb.
     0 | D:1      | Reached XP level 1. HP: 13/13 MP: 3/3
   492 | D:1      | Gained mutation: You have a pair of small horns on your head. [demonic ancestry]
   492 | D:1      | Reached XP level 2. HP: 14/19 MP: 3/5
   590 | D:1      | Reached skill level 3 in Fire Magic
  1040 | D:2      | Gained mutation: You have large cloven feet. [demonic ancestry]
  1040 | D:2      | Reached XP level 3. HP: 12/24 MP: 0/6
  1556 | D:2      | Noticed Jessica
  1610 | D:2      | Killed Jessica
  1610 | D:2      | Reached XP level 4. HP: 25/30 MP: 0/7
  2202 | D:2      | Found a faded altar of an unknown god.
  2298 | D:2      | Reached skill level 4 in Fire Magic
  2544 | D:3      | Learned a level 3 spell: Conjure Flame
  2890 | D:4      | Noticed supermoro's ghost (amateur KoEn)
  2896 | D:4      | Slain by an iguana

Skill      XL: |  1  2  3  4 |
---------------+-------------+-----
Fire Magic     | 3 4 |  4.0
Conjurations   | 2 3 |  3.0
Armour         | |  0.8
Dodging        | |  1.7
Stealth        | |  1.7
Shields        | |  0.3
Spellcasting   | |  2.0

Action                   |  1- 3 |  4- 6 || total
-------------------------+-------+-------++-------
Melee: Unarmed           |    10 |       ||    10
       Short sword       |    41 |    22 ||    63
       Headbutt          |     7 |     1 ||     8
       Kick              |     4 |     4 ||     8
 Cast: Flame Tongue      |    42 |    43 ||    85
  Use: Scroll            |     3 |     1 ||     4
 Stab: Sleeping          |     1 |     2 ||     3
  Eat: Chunk             |     3 |     4 ||     7
Armor: Robe              |     3 |       ||     3
       Leather armour    |     9 |    18 ||    27
Dodge: Dodged            |    45 |    34 ||    79
Block: Buckler           |       |     3 ||     3
